 Dungeon Crawl Stone Soup version 0.29.1-2-gbd0b4ee654 (webtiles) character file.

Game seed: 7258716908924110831

154 KamiKatze the Shield-Bearer (level 5, -1/33 HPs)
             Began as a Gargoyle Fighter on Nov 18, 2022.
             Killed from afar by a gnoll (11 damage)
             ... with a bolt of light
             ... on level 3 of the Dungeon.
             The game lasted 00:06:00 (1968 turns).

KamiKatze the Shield-Bearer (Gargoyle Fighter)      Turns: 1968, Time: 00:06:00

Health: -1/33      AC: 12    Str: 22    XL:     5   Next: 36%
Magic:  5/5        EV:  9    Int:  8    God:
Gold:   156        SH:  0    Dex:  9    Spells: 4/4 levels left

rFire   . . .      SeeInvis .   a - +0 war axe
rCold   . . .      Faith    .   c - +0 buckler
rNeg    + . .      Spirit   .   b - +0 scale mail
rPois   ∞          Reflect  .   (no helmet)
rElec   +          Harm     .   (no cloak)
rCorr   .          Rampage  .   h - +0 pair of gloves
Will    .....                   (no boots)
Stlth   ..........              (no amulet)
HPRegen 0.11/turn               (no ring)
MPRegen 0.09/turn               (no ring)

@: confused
A: sickness immunity, AC +4, negative energy resistance 1, electricity
resistance, torment resistance 1, petrification resistance
a: no special abilities


You were on level 3 of the Dungeon.
You visited 1 branch of the dungeon, and saw 3 of its levels.

You collected 156 gold pieces.

Inventory:

Hand Weapons
 a - a +0 war axe (weapon)
 o - a +0 flail
Missiles
 g - 4 poisoned darts (quivered)
Armour
 b - a +0 scale mail (worn)
 c - a +0 buckler (worn)
 h - a +0 pair of gloves (worn)
Scrolls
 f - a scroll of immolation {unknown}
 l - 2 scrolls of teleportation {unknown}
 m - a scroll of amnesia {unknown}
Potions
 d - a potion of might
 e - a potion of cancellation {unknown}
 i - a potion of lignification {unknown}
 j - 2 potions of curing {unknown}
 k - 2 potions of attraction {unknown}
 n - 2 potions of degeneration {unknown}


   Skills:
 + Level 3.9 Fighting
 * Level 3.0 Axes
 + Level 3.8 Armour
 + Level 1.0 Dodging
 * Level 4.5 Shields


You had 4 spell levels left.
You didn't know any spells.
Your spell library contained the following spells:

 Spells                   Type           Power      Damage    Failure   Level
 Beastly Appendage        Tmut           0%         N/A       82%         1
 Wereblood                Tmut           0%         N/A       91%         2
 Spider Form              Tmut/Pois      0%         N/A       99%         3


Dungeon Overview and Level Annotations

Branches:
Dungeon (3/15)

Altars:


Innate Abilities, Weirdness & Mutations

You are immune to sickness and miasma.
Your stone body is resilient. (AC +4)
You are immune to poison.
You resist negative energy. (rN+)
You are resistant to electric shocks. (rElec)
You are resistant to unholy torment.
You are immune to petrification.


Message History

The ball python is heavily wounded.
You block the ball python's attack. The ball python constricts you.
The ball python bites you but does no damage.
The ball python constricts you.
You closely miss the ball python.
The ball python is heavily wounded.
The ball python barely misses you. The ball python constricts you.
An endoplasm comes into view.
The ball python bites you. The ball python constricts you.
The endoplasm quivers.
You hit the ball python.
You kill the ball python!
You see here a giant cockroach corpse.
You slash the endoplasm!
You kill the endoplasm!
No target in view!
No target in view!
HP restored.
A gnoll comes into view.
It is wielding a +0 halberd and carrying a wand of light (4).
The gnoll shouts!
You hear a shout!
The gnoll throws a throwing net.
The throwing net hits you.
You become entangled in the net!
You struggle against the net.
You struggle against the net.
You struggle against the net.
A gnoll comes into view. It is wielding a +0 whip.
The gnoll zaps a wand.
The bolt of light hits you.
You are confused.
You shred the net and break free!
You feel less confused.
The gnoll zaps a wand.
The bolt of light hits you!
The gnoll zaps a wand.
The bolt of light hits you!
* * * LOW HITPOINT WARNING * * *
The gnoll barely misses you.
You hit the gnoll.
The gnoll is moderately wounded.
A gnoll comes into view. It is wielding a +0 vorpal spear.
The gnoll zaps a wand.
The bolt of light hits you!
You are confused.
You die...

.........###.###...##.# #
......................## #
.............##........###
.g.. #†..........#....##
...##....#.......#...>. #.
#..###..........######
#..###.###..........# #
#..................## #
..###..g.@...#.....## #
..........g...>......# #
.....P.....#.........#
~≈~~~~~....#.........###
≈≈≈~≈≈~....#...........##
#####≈~....#.......###..###
#.g #≈~....#.....### ##...#
#. #~~....##....# ###..
#≈~P...##....# ##.


You could see 3 gnolls.

Vanquished Creatures
  An iguana (D:3)
  4 gnolls (D:2)
  3 adders (D:2)
  A dart slug (D:1)
  10 ball pythons
  A bat (D:1)
  6 endoplasms
  2 giant cockroaches
  8 goblins
  2 hobgoblins (D:2)
  6 jackals
  2 quokkas
  5 frilled lizards (D:1)
  4 kobolds
  2 rats
57 creatures vanquished.

Vanquished Creatures (others)
  5 plants (D:3)
5 creatures vanquished.

Grand Total: 62 creatures vanquished

Notes
Turn   | Place    | Note
-------+----------+-------------------------------------------
     0 | D:1      | KamiKatze the Gargoyle Fighter began the quest for the Orb.
     0 | D:1      | Reached XP level 1. HP: 14/14 MP: 1/1
   261 | D:1      | Reached XP level 2. HP: 19/19 MP: 2/2
   402 | D:1      | Reached XP level 3. HP: 17/23 MP: 3/3
  1015 | D:2      | Found a faded altar of an unknown god.
  1059 | D:2      | Reached skill level 4 in Shields
  1072 | D:2      | Reached XP level 4. HP: 22/28 MP: 4/4
  1574 | D:2      | Reached skill level 1 in Dodging
  1574 | D:2      | Reached XP level 5. HP: 17/33 MP: 5/5
  1968 | D:3      | Killed from afar by a gnoll

Illustrated notes

Levels and vault maps discovered:
D:1:      dpeg_arrival_chambers_temple_mockup, layout_loops_ring
D:2:      layout_loops_ring, nicolae_ecumenical_snake_handling,
          chequers_serial_rivers_room_b, minmay_ruptured
D:3:      lemuel_castle_with_subvaults [lemuel_castle_interior_carwin_3],
          layout_rooms, nicolae_overflow_ecumenical_swirl, chequers_big_river

Skill      XL: |  1  2  3  4  5 |
---------------+----------------+-----
Axes           | 2 3 |  3.0
Shields        | 4 |  4.5
Dodging        | 1 |  1.0
Fighting       | |  3.9
Armour         | |  3.8

Action                   |  1- 3 |  4- 6 || total
-------------------------+-------+-------++-------
Melee: War axe           |    95 |    53 ||   148
Armor: Scale mail        |    58 |    35 ||    93
Dodge: Dodged            |    44 |    19 ||    63
Block: Buckler           |    20 |    10 ||    30
